 Dungeon Crawl Stone Soup version 0.30.1-4-g462c640d31 (webtiles) character file.

Game seed: 9096013804934965004

49 safid the Chiller (level 3, -1/27 HPs)
             Began as a Merfolk Ice Elementalist on Sept 13, 2023.
             Slain by a gnoll
             ... wielding a +0 flail
              (3 damage)
             ... on level 2 of the Dungeon.
             The game lasted 00:02:07 (1242 turns).

safid the Chiller (Merfolk Ice Elementalist)        Turns: 1242, Time: 00:02:08

Health: -1/27      AC:  2    Str:  8    XL:     3   Next: 75%
Magic:  0/6        EV: 12    Int: 16    God:
Gold:   39         SH:  0    Dex: 14    Spells: 3/7 levels left

rFire   . . .        c - +0 dagger
rCold   . . .        (no shield)
rNeg    . . .        a - +0 robe
rPois   .            (no helmet)
rElec   .            (no cloak)
rCorr   .            (no gloves)
SInv    .            (no boots)
Will    .....        (no amulet)
Stlth   ++           (no ring)
HPRegen 0.24/turn    (no ring)
MPRegen 0.10/turn

%: no passive effects
@: no status effects
A: (nimble swimmer 2), mertail
a: no special abilities


You were on level 2 of the Dungeon.
You visited 1 branch of the dungeon, and saw 2 of its levels.

You collected 39 gold pieces.

Inventory:

Hand Weapons
 c - a +0 dagger (weapon)
Armour
 a - a +0 robe (worn)
Scrolls
 d - a scroll of torment {unknown}
Potions
 b - a potion of magic
 e - a potion of curing {unknown}
 f - a potion of heal wounds {unknown}
 g - a potion of berserk rage {unknown}


   Skills:
 + Level 1.9 Fighting
 - Level 2.6 Dodging
 - Level 2.1 Stealth
 + Level 2.6 Spellcasting
 + Level 4.9 Ice Magic


You had 3 spell levels left.
You knew the following spells:

 Your Spells              Type           Power      Damage    Failure   Level
a - Freeze                Ice            68%        1d8       2%          1
b - Frozen Ramparts       Ice            34%        1d6       8%          3

Your spell library contained the following spells:

 Spells                   Type           Power      Damage    Failure   Level
 Ozocubu's Armour         Ice            17%        N/A       8%          3
 Summon Ice Beast         Ice/Summ       10%        N/A       56%         4


Dungeon Overview and Level Annotations

Branches:
Dungeon (2/15)

Altars:


Innate Abilities, Weirdness & Mutations

((You are very nimble when in or above water. (Stealth+, EV+, Speed+++)))
Your lower body shifts to a powerful aquatic tail in water.


Message History

You freeze the gnoll.
The gnoll is heavily wounded.
The gnoll hits you with a +0 spear!
* * * LOW HITPOINT WARNING * * *
Casting: Freeze (safe; 2% risk of failure)
Confirm with . or Enter, or press ? or * to list all spells.
Aiming: Freeze (safe; 2% risk of failure)
Press: ? - help, Shift-Dir - straight line, f/p - gnoll
Aim: a gnoll, wielding a +0 spear (heavily wounded)
You freeze the gnoll.
The gnoll is severely wounded.
The gnoll barely misses you.
Unknown command.
Casting: Freeze (safe; 2% risk of failure)
Confirm with . or Enter, or press ? or * to list all spells.
Aiming: Freeze (safe; 2% risk of failure)
Press: ? - help, Shift-Dir - straight line, f/p - gnoll
Aim: a gnoll, wielding a +0 spear (severely wounded)
You freeze the gnoll.
The gnoll is almost dead.
The gnoll closely misses you.
Unknown command.
Casting: Freeze (safe; 2% risk of failure)
Confirm with . or Enter, or press ? or * to list all spells.
Aiming: Freeze (safe; 2% risk of failure)
Press: ? - help, Shift-Dir - straight line, f/p - gnoll
Aim: a gnoll, wielding a +0 spear (almost dead)
You freeze the gnoll.
You kill the gnoll!
A rat comes into view.
Unknown command.
Casting: Freeze (safe; 2% risk of failure)
Confirm with . or Enter, or press ? or * to list all spells.
Aiming: Freeze (safe; 2% risk of failure)
Press: ? - help, Shift-Dir - straight line, f - gnoll
Aim: a gnoll, wielding a +0 flail You freeze the gnoll.
The gnoll is heavily wounded.
The gnoll hits you with a +0 flail.
You die...

#.. ..#.# #..
#.#.# ##... #.#.#
..... #r#.#
..<...#.#.#
#$..#.#.# #
.##....r#.######.#
g...>.....g@.....#
.##...###.########
#.........#
#..####.#.# #
#.#.# #.. #.#..
#.##.# #.####
#....# #.# #..#.#
#.#


You could see a gnoll and a rat.

Vanquished Creatures
  A gnoll (D:2)
  A dart slug (D:1)
  8 ball pythons
  3 bats
  5 endoplasms (D:1)
  3 goblins (D:1)
  2 hobgoblins
  5 kobolds (D:1)
  A quokka (D:1)
  2 frilled lizards (D:1)
  5 rats
36 creatures vanquished.

Notes
Turn   | Place    | Note
-------+----------+-------------------------------------------
     0 | D:1      | safid the Merfolk Ice Elementalist began the quest for the
                  | Orb.
     0 | D:1      | Reached XP level 1. HP: 13/13 MP: 3/3
   143 | D:1      | Reached XP level 2. HP: 20/20 MP: 1/5
   224 | D:1      | Reached skill level 1 in Fighting
   628 | D:1      | Reached XP level 3. HP: 25/26 MP: 0/6
   638 | D:1      | Learned a level 3 spell: Frozen Ramparts
   850 | D:1      | Found a faded altar of an unknown god.
  1238 | D:2      | HP: 1/27 [gnoll/+0 spear (8)]
  1242 | D:2      | Slain by a gnoll

Illustrated notes

Levels and vault maps discovered:
D:1:      dpeg_arrival_connections, layout_basic, shapermc_ecumenical_altar_venn
D:2:      layout_basic, kennysheep_generic_room_11

Skill      XL: |  1  2 |
---------------+-------+-----
Fighting       | 1 |  1.9
Dodging        | |  2.6
Stealth        | |  2.1
Spellcasting   | |  2.6
Ice Magic      | |  4.9

Action                     || total
---------------------------++-------
  Melee: Dagger            ||    63
   Cast: Freeze            ||    35
   Stab: Sleeping          ||     4
 Armour: Robe              ||    22
  Dodge: Dodged            ||    62
